 Dungeon Crawl Stone Soup version 0.27.1-34-g3ba077fa99 (webtiles) character file.

Game seed: 4282536707398964459

9 Descartes the Grasshopper (level 2, 14/14 HPs)
             Began as a Spriggan Warper on Jan 9, 2022.
             Was a Follower of Sif Muna.
             Got out of the dungeon alive.
             The game lasted 00:01:58 (1048 turns).

Descartes the Grasshopper (Spriggan Warper)         Turns: 1048, Time: 00:01:59

Health: 14/14      AC:  2    Str:  7    XL:     2   Next: 3%
Magic:  6/6        EV: 17    Int: 14    God:    Sif Muna [*.....]
Gold:   53         SH:  0    Dex: 14    Spells: 6/6 levels left

rFire    . . .     SeeInvis +   a - +0 short sword
rCold    . . .     Faith    .   (shield restricted)
rNeg     . . .     Spirit   .   g - +0 robe
rPois    .         Reflect  .   (helmet restricted)
rElec    .         Harm     .   (no cloak)
rCorr    .         Rampage  .   (gloves unavailable)
Will     .....                  (boots unavailable)
Stlth    ++........             (no amulet)
HPRegen  0.04/turn              e - ring of flight
MPRegen  0.10/turn              (no ring)

@: flying, very quick
A: very small, no large weapons, unfitting armour, see invisible, speed 3
a: Renounce Religion, Channel Magic


You escaped.
You worshipped Sif Muna.
Sif Muna was aware of your devotion.
You visited 1 branch of the dungeon, and saw 1 of its levels.

You collected 53 gold pieces.

Inventory:

Hand Weapons
 a - a +0 short sword (weapon)
 b - a +0 hunting sling
Missiles
 d - 5 boomerangs of dispersal (quivered)
 h - 10 poisoned darts
Armour
 g - a +0 robe (worn)
Jewellery
 e - a ring of flight (left hand)
Scrolls
 c - a scroll of blinking
 i - a scroll of magic mapping {unknown}
 j - 2 scrolls of amnesia {unknown}
Potions
 f - a potion of magic {unknown}


   Skills:
 - Level 1.5 Fighting
 + Level 2.4 Short Blades
 - Level 1.0 Throwing
 + Level 3.4 Dodging
 + Level 1.1 Stealth
 - Level 2.6 Spellcasting
 + Level 4.6 Translocations


You had 6 spell levels left.
You didn't know any spells.
Your spell library contained the following spells:

 Spells                   Type           Power      Damage    Failure   Level
 Blink                    Tloc           N/A        N/A       4%          2
 Gell's Gravitas          Tloc           7%         N/A       10%         3
 Lesser Beckoning         Tloc           7%         N/A       10%         3
 Teleport Other           Tloc           14%        N/A       10%         3
 Sandblast                Erth           2%         2d4       22%         1
 Portal Projectile        Hex/Tloc       16%        N/A       26%         3
 Passwall                 Tmut/Erth      0%         N/A       32%         2
 Static Discharge         Conj/Air       1%         N/A       32%         2
 Manifold Assault         Tloc           14%        N/A       67%         5
 Blade Hands              Tmut           0%         N/A       99%         5
 Excruciating Wounds      Necr           0%         N/A       99%         5
 Lee's Rapid Deconstruct  Erth           0%         3d5*      99%         5
 Lightning Bolt           Conj/Air       0%         1d11      99%         5
 Maxwell's Capacitive Co  Air            0%         ∞         100%        8


Dungeon Overview and Level Annotations

Branches:
Dungeon (1/15)

Altars:
Sif Muna


Innate Abilities, Weirdness & Mutations

You are very small and have problems with some larger weapons.
You are too small for most types of armour.
You have supernaturally acute eyesight. (SInv)
You cover ground extremely quickly. (Speed+++)


Message History

Found a book of Geomancy.
Found 14 gold pieces.
You pick up a book of Geomancy and begin reading...
You add the spells Sandblast, Passwall and Lee's Rapid Deconstruction to your library.
You now have 45 gold pieces (gained 14).
A bat comes into view.
The bat hits you. The bat barely misses you. x2
You closely miss the bat. The bat misses you. The bat misses you.
You hit the bat.
You kill the bat!
Sif Muna accepts your kill.
Your Stealth skill increases to level 1!
No target in view!
Found 8 gold pieces and a scroll labelled SUOZ YMNIGRIWE.
You now have 53 gold pieces (gained 8).
i - a scroll labelled SUOZ YMNIGRIWE
Found 2 scrolls labelled QAENYO AHEF.
Found a stone staircase leading down.
j - 2 scrolls labelled QAENYO AHEF The endoplasm quivers.
You hit the endoplasm.
The endoplasm is severely wounded.
The endoplasm hits you.
You hit the endoplasm.
You kill the endoplasm!
Sif Muna accepts your kill.
You have reached level 2!
A rat comes into view.
The helpless rat fails to defend itself.
You hit the rat.
You kill the rat!
Sif Muna accepts your kill.
No target in view!
You see here a hobgoblin skeleton.
Done exploring.
Done exploring.
There is a staircase leading out of the dungeon here.
Are you sure you want to leave the Dungeon?
This will make you lose the game!
You have escaped!

#....##..#.#.###....#
###.#..##.#...## ##...#
#............## ##.##
#..♣♣♣♣♣♣♣♣♣..## ##.##
#.♣..PP..PP♣...###..####
#.♣...P..PP♣.##.#.......
#.♣P...PP..♣......#†####
#.♣PP...P..♣.###..#.#
#.♣..P.@.PP♣.#......#
######.♣..PP...P♣...#....#
#####......♣PP..P...♣.####.#.#
#........#.♣PP..PP..♣.####.#.#
#.###.##.#.♣♣♣♣♣♣♣♣♣.......#.#
#.#
#.##..............######.##
#.###.#####.##.##.#..## #...#
.#.##.#####.##.......## #...#
###.#.......###.......# #...#


There were no monsters in sight!

Vanquished Creatures
  2 ball pythons (D:1)
  An endoplasm (D:1)
  A hobgoblin (D:1)
  3 bats (D:1)
  A frilled lizard (D:1)
  2 rats (D:1)
10 creatures vanquished.

Notes
Turn   | Place    | Note
-------+----------+-------------------------------------------
     0 | D:1      | Descartes the Spriggan Warper began the quest for the Orb.
     0 | D:1      | Reached XP level 1. HP: 10/10 MP: 5/5
   421 | D:1      | Found a faded altar of an unknown god.
   430 | D:1      | Became a worshipper of Sif Muna the Loreminder
   430 | D:1      | Reached * piety under Sif Muna
   642 | D:1      | Reached skill level 1 in Stealth
   748 | D:1      | Reached XP level 2. HP: 10/14 MP: 6/6
  1048 | D:$      | Got out of the dungeon alive.

Illustrated notes

Levels and vault maps discovered:
D:1:      scummos_arrival_checkerplants, layout_loops_cross,
          chequers_ecumenical_altar_island

Skill      XL: |  1 |
---------------+----+-----
Stealth        | 1 |  1.1
Fighting       | |  1.5
Short Blades   | |  2.4
Throwing       | |  1.0
Dodging        | |  3.4
Spellcasting   | |  2.6
Translocations | |  4.6

Action                   || total
-------------------------++-------
Melee: Short sword       ||    30
 Stab: Sleeping          ||     1
Armor: Robe              ||     9
Dodge: Dodged            ||    33
